 Dungeon Crawl Stone Soup version 0.19-a0-1260-gc94d3f7 (webtiles) character file.

119 TheGoonsmith the Digger (level 5, -3/28 HPs)
             Began as a Gargoyle Earth Elementalist on Aug 28, 2016.
             Slain by an ice beast (12 damage)
             ... on level 3 of the Dungeon.
             The game lasted 00:03:01 (2423 turns).

TheGoonsmith the Digger (GrEE)                      Turns: 2423, Time: 00:03:02

Health: -3/28      AC:  6    Str: 12    XL:     5   Next: 3%
Magic:  2/9        EV: 11    Int: 16    God:
Gold:   78         SH:  4    Dex: 10    Spells: 1 memorised, 9 levels left

rFire  . . .     SeeInvis .     a - +1 short sword (venom)
rCold  . . .     Gourm    .     c - +0 robe
rNeg   + . .     Faith    .     m - +0 buckler
rPois  ∞         Spirit   .     (no helmet)
rElec  +         Dismiss  .     (no cloak)
rCorr  .         Reflect  .     (no gloves)
MR     .....     Harm     .     (no boots)
Stlth  ++........               (no amulet)
                                (no ring)
                                (no ring)

@: very slightly contaminated
A: negative energy resistance 1, electricity resistance, unbreathing,
petrification resistance, rot immunity, AC +4
a: no special abilities


You were on level 3 of the Dungeon.
You were not hungry.

You visited 1 branch of the dungeon, and saw 3 of its levels.

You collected 78 gold pieces.

Inventory:

Hand Weapons
 a - a +1 short sword of venom (weapon)
 t - a +0 whip
Missiles
 b - 132 stones (quivered)
Armour
 c - a +0 robe (worn)
 m - a +0 buckler (worn)
Jewellery
 l - a +2 ring of intelligence {unknown}
 r - a +3 ring of protection {unknown}
 u - an uncursed ring of ice {unknown}
Scrolls
 f - a scroll of blinking {unknown}
 g - 5 scrolls of identify {unknown}
 i - a scroll of noise {unknown}
 j - a scroll of fog {unknown}
 n - a scroll of fear {unknown}
 o - a scroll of teleportation {unknown}
 p - a scroll of random uselessness {unknown}
 v - a scroll of remove curse {unknown}
Potions
 h - 2 potions of degeneration {unknown}
 q - a potion of might {unknown}
 s - 2 potions of heal wounds {unknown}
Books
 e - a book of Geomancy

   Spells                             Type                      Level
   a - Sandblast                      Earth                        1
   b - Passwall                       Transmutation/Earth          2
   c - Stone Arrow                    Conjuration/Earth            3
   d - Petrify                        Transmutation/Earth          4
   e - Lee's Rapid Deconstruction     Earth                        5
Comestibles
 d - 2 bread rations
 k - a beef jerky


   Skills:
 - Level 1.5 Dodging
 - Level 2.1 Stealth
 * Level 2.1 Shields
 + Level 3.0 Spellcasting
   Level 0.7 Transmutations
 * Level 5.1 Earth Magic


You had 9 spell levels left.
You knew the following spells:

 Your Spells              Type           Power        Failure   Level  Hunger
a - Sandblast             Erth           ###...       3%          1    #......


Dungeon Overview and Level Annotations

Branches:
Dungeon (3/15)

Altars:


Innate Abilities, Weirdness & Mutations

You are resistant to torment.
Your stone body is resilient. (AC +4)
You are immune to poison.
You resist negative energy. (rN+)
You are resistant to electric shocks. (rElec)
You can survive without breathing.
You are immune to petrification.
You are immune to rotting.


Message History

Casting: Sandblast
Confirm with . or Enter, or press ? or * to list all spells.
Aiming: Sandblast
Press: ? - help, Shift-Dir - straight line, f/p - ice beast
Aim: an ice beast (moderately wounded)
The blast of sand misses the ice beast.
The ice beast barely misses you.
You hit the ice beast but do no damage.
The ice beast is moderately wounded.
The ice beast hits you. The ice beast freezes you.
You hit the ice beast but do no damage.
The ice beast is moderately wounded.
The ice beast hits you but does no damage.
You block the ice beast's attack.
You closely miss the ice beast.
The ice beast is moderately wounded.
The ice beast hits you. The ice beast freezes you!
You hit the ice beast but do no damage.
The ice beast is moderately wounded.
The ice beast hits you. The ice beast freezes you!
You die...

..... .... .... ##
#.. .. ...
#.##.###.#
#...Y....# #@# #?#
#.# #.#
.######.#########
................#
.####.....#####.####
##...###.......#
##.## #.......#


You could see an ice beast.

Vanquished Creatures
  A howler monkey (D:3)
  3 adders (D:2)
  2 dart slugs
  A giant cockroach (D:1)
  9 goblins
  11 hobgoblins
  4 bats
  5 giant newts
  8 kobolds
  3 rats (D:1)
47 creatures vanquished.

Notes
Turn   | Place    | Note
-------+----------+-------------------------------------------
     0 | D:1      | TheGoonsmith the Gargoyle Earth Elementalist began the quest for the Orb.
     0 | D:1      | Reached XP level 1. HP: 10/10 MP: 3/3
   324 | D:1      | Reached skill level 4 in Earth Magic
   371 | D:1      | Reached XP level 2. HP: 15/15 MP: 0/5
   659 | D:1      | Reached XP level 3. HP: 12/19 MP: 1/6
  1312 | D:2      | Reached skill level 1 in Shields
  1509 | D:2      | Reached XP level 4. HP: 15/24 MP: 0/8
  2346 | D:3      | Reached skill level 5 in Earth Magic
  2346 | D:3      | Reached XP level 5. HP: 28/28 MP: 3/9
  2408 | D:3      | Noticed an ice beast
  2423 | D:3      | Slain by an ice beast

Vault maps used:
D:1:      minmay_arrival_solitary_statue
D:2:      minmay_misc_feat_alley, st_stairs_11
D:3:      first_bread, corner_web_ring

Skill      XL: |  1  2  3  4 |
---------------+-------------+-----
Earth Magic    | 4 5 |  5.1
Shields        | 1 2 |  2.1
Spellcasting   | 3 |  3.0
Dodging        | |  1.5
Stealth        | |  2.1
Transmutations | |  0.7

Action                   |  1- 3 |  4- 6 || total
-------------------------+-------+-------++-------
Melee: Unarmed           |    11 |       ||    11
       Whip              |    37 |     9 ||    46
       Short sword       |       |     4 ||     4
 Cast: Sandblast         |    60 |    34 ||    94
  Eat: Chunk             |     2 |     3 ||     5
Armor: Robe              |    34 |    15 ||    49
Dodge: Dodged            |    57 |    22 ||    79
Block: Buckler           |     1 |     3 ||     4
